Stars vs Ducks

Created - January 20, 2017 at 17:46

Goals
1 2 3 T
Stars 1 1 0 2
Ducks 2 1 0 3
Shots
1 2 3 T
Stars 9 12 2 23
Ducks 11 9 7 27

1st period

1. Ducks , Ryan OReilly 18 (Mark Scheifele) at 6:13 (PP)
2. Ducks , Claude Giroux 17 (Aaron Ekblad) at 12:18
3. Stars , Evgeni Malkin 13 (Sidney Crosby) at 16:08

Penalties :
Willie Mitchell (ANA) for Slashing (Minor) at 2:05, Zdeno Chara (DAL) for Tripping (Minor) at 5:03, Travis Hamonic (ANA) for Goalie Interference (Minor) at 13:27, Erik Johnson (ANA) for Hooking (Minor) at 17:35

2nd period

4. Stars , Evgeni Malkin 14 (Sidney Crosby, Jason Demers) at 4:33
5. Ducks , Brandon Dubinsky 10 (Mark Scheifele, Travis Hamonic) at 9:47

Penalties :
Claude Giroux (ANA) for High sticking (Minor) at 4:40, Travis Hamonic (ANA) for Elbowing (Minor) at 12:26, Zdeno Chara (DAL) for Roughing (Minor) at 17:59

3rd period

No Goal

Penalties :
Antoine Roussel (ANA) for Roughing (Minor) at 2:37, Paul Byron (DAL) for Tripping (Minor) at 9:15

Goalie Stats

Jonathan Quick (DAL), 24 saves from 27 shots - (0.889), L, 23-20-1, 59:12 minutes
Semyon Varlamov (ANA), 21 saves from 23 shots - (0.913), W, 24-12-5, 60:00 minutes

Players Stats for Stars

Player Name              G  A  P  +/- PIM S  H  SB GA TA FO     MP     PP MP  PK MP  
------------------------------------------------------------------------------------
Adam Pardy               0  0  0  -1  0   0  2  0  0  0  0/0    15:39   1:21   1:29 
Brad Malone              0  0  0   0  0   0  0  0  0  0  0/0     1:40   0:36   1:04 
Brandon Manning          0  0  0  -1  0   0  0  2  0  0  0/0    12:17   0:00   0:00 
Dainius Zubrus           0  0  0  -1  0   0  0  0  0  0  0/0    14:53   0:00   0:00 
Duncan Keith             0  0  0   0  0   0  0  2  0  0  0/0    24:14   5:43   2:27 
Evgeni Malkin            2  0  2   1  0   5  2  0  0  0  1/2    20:26   5:12   0:00 
Jason Demers             0  1  1   1  0   2  3  1  0  0  0/0    22:29   5:43   2:41 
John Klingberg           0  0  0   1  0   0  1  0  0  0  0/0    22:29   4:50   2:41 
John Mitchell            0  0  0  -1  0   4  1  1  0  0  11/18  16:18   0:00   1:25 
Jonathan Huberdeau       0  0  0   1  0   2  4  0  0  0  0/3    21:48   6:06   3:33 
Mike Richards            0  0  0  -1  0   2  0  1  0  0  1/2    14:53   0:00   0:00 
Nikita Kucherov          0  0  0   0  0   5  0  0  0  0  0/0    18:24   5:12   0:00 
Nikita Nesterov          0  0  0   0  0   0  0  0  0  0  0/0     0:00   0:00   0:00 
Paul Byron               0  0  0   0  2   0  5  0  0  0  1/1    19:52   6:42   0:52 
Paul Stastny             0  0  0   0  0   2  0  0  0  0  21/34  25:39   6:42   3:22 
Shawn Thornton           0  0  0   0  0   0  1  0  0  0  0/0     3:16   0:00   0:00 
Sidney Crosby            0  2  2   1  0   1  1  0  0  0  12/23  17:42   5:12   0:00 
Zdeno Chara              0  0  0   0  4   0  3  0  0  0  0/0    22:50   6:11   0:58 

Players Stats for Ducks

Player Name              G  A  P  +/- PIM S  H  SB GA TA FO     MP     PP MP  PK MP  
------------------------------------------------------------------------------------
Aaron Ekblad             0  1  1   0  0   0  2  0  0  0  0/0    19:19   2:23   1:03 
Andrei Markov            0  0  0   0  0   1  0  1  0  0  0/0    24:17   2:45   7:13 
Antoine Roussel          0  0  0   1  2   1  1  1  0  0  1/2    17:11   0:00   5:46 
Blake Comeau             0  0  0  -1  0   4  1  0  0  0  3/6    17:08   0:00   4:22 
Bobby Ryan               0  0  0   1  0   2  0  0  0  0  0/1    13:29   2:03   0:00 
Boone Jenner             0  0  0  -1  0   1  2  0  0  0  0/1    16:41   3:05   1:11 
Brandon Dubinsky         1  0  1   1  0   3  3  0  0  0  5/12   19:52   0:00   6:39 
Claude Giroux            1  0  1   1  2   4  0  0  0  0  13/20  13:28   2:03   0:00 
Colton Parayko           0  0  0   0  0   1  1  2  0  0  0/0    17:56   2:23   3:08 
Eric Nystrom             0  0  0  -1  0   2  0  0  0  0  0/1     9:38   0:00   3:44 
Erik Johnson             0  0  0   0  2   0  4  0  0  0  0/0    23:12   2:45   5:48 
Mark Scheifele           0  2  2   1  0   2  0  0  0  0  5/15   15:57   3:05   0:00 
Mikhail Grigorenko       0  0  0  -1  0   0  0  0  0  0  2/7     8:27   2:03   0:30 
Nick Ritchie             0  0  0  -1  0   0  0  0  0  0  0/1     5:54   0:00   0:00 
Pascal Dupuis            0  0  0   1  0   0  1  1  0  0  0/1    13:38   0:00   0:46 
Ryan OReilly             1  0  1  -1  0   5  0  0  0  0  7/16   16:41   3:05   0:50 
Travis Hamonic           0  1  1   0  4   0  2  4  0  0  0/0    19:09   0:00   2:57 
Willie Mitchell          0  0  0   0  2   1  5  1  0  0  0/0    16:03   0:00   3:39 

3 Stars

1 - Evgeni Malkin (DAL)
2 - Brandon Dubinsky (ANA)
3 - Sidney Crosby (DAL)

Power Play

Stars - 0 on 6 Attempt(s) - 0.00%
Ducks - 1 on 3 Attempt(s) - 33.33%

Penalty Kill

Stars - 2 on 3 Attempt(s) - 66.67% - Score 0 goal in Penalty Kill
Ducks - 6 on 6 Attempt(s) - 100.00% - Score 0 goal in Penalty Kill

Team Stat

Stars - Hits : 23 - Faceoff Wins : 47 - Blocked Shots : 7 - Penalty Minutes : 6
Ducks - Hits : 22 - Faceoff Wins : 36 - Blocked Shots : 10 - Penalty Minutes : 12

Official

Referees : Graham Skiliter and Dave Lewis
Linesman : Don Henderson and Lonnie Cameron

Game Notes

No Game Note

Finance

Level 1 -- Attendance: 6500 (100.00%) -- Ticket Income $715,000
Level 2 -- Attendance: 4597 (91.94%) -- Ticket Income $344,775
Level 3 -- Attendance: 2600 (100.00%) -- Ticket Income $145,600
Level 4 -- Attendance: 2074 (100.00%) -- Ticket Income $82,960
Luxury Box -- Attendance: 1000 (100.00%) -- Ticket Income $199,000
Game was played at the Honda Center.
Total Attendance: 16771 (97.65%)
Total Ticket Income: $1,487,335
Other Income: $223,100
Total Income: $1,710,435

% Time on Ice - Stars

Lines # - Real PCT - Wanted PCT - Time Play
Normal Forward
1 - 29% - 33% - 12:09
2 - 29% - 33% - 12:19
3 - 35% - 17% - 14:53
4 - 6% - 17% - 2:44
Normal Defense
1 - 29% - 35% - 12:24
2 - 33% - 35% - 14:05
3 - 29% - 15% - 12:17
4 - 8% - 15% - 3:19
PP Forward
1 - 44% - 55% - 5:12
2 - 56% - 45% - 6:42
PP Defense
1 - 48% - 50% - 5:43
2 - 52% - 50% - 6:11
PK Forward
1 - 72% - 60% - 3:43
2 - 28% - 40% - 1:25
PK Defense
1 - 48% - 50% - 2:27
2 - 52% - 50% - 2:41
PK3 Forward
1 - 0% - 55%
2 - 0% - 45%
PK3 Defense
1 - 0% - 50%
2 - 0% - 50%
44 Forward
1 - 0% - 50%
2 - 0% - 50%
44 Defense
1 - 0% - 50%
2 - 0% - 50%
Last Minute Offensive  - 0:53
Last Minute Defensive  - 0:00
Total
Forward - 60:00
Defense - 60:00

% Time on Ice - Ducks

Lines # - Real PCT - Wanted PCT - Time Play
Normal Forward
1 - 27% - 30% - 11:26
2 - 29% - 30% - 12:25
3 - 30% - 30% - 12:52
4 - 14% - 10% - 5:54
Normal Defense
1 - 34% - 35% - 14:19
2 - 37% - 35% - 15:53
3 - 29% - 30% - 12:25
4 - 0% - 0% - 0:00
PP Forward
1 - 40% - 55% - 2:03
2 - 60% - 45% - 3:05
PP Defense
1 - 46% - 57% - 2:23
2 - 54% - 43% - 2:45
PK Forward
1 - 69% - 57% - 8:10
2 - 31% - 43% - 3:44
PK Defense
1 - 39% - 57% - 4:41
2 - 61% - 43% - 7:13
PK3 Forward
1 - 0% - 60%
2 - 0% - 40%
PK3 Defense
1 - 0% - 57%
2 - 0% - 43%
44 Forward
1 - 0% - 50%
2 - 0% - 50%
44 Defense
1 - 0% - 50%
2 - 0% - 50%
Last Minute Offensive  - 0:00
Last Minute Defensive  - 0:21
Total
Forward - 60:00
Defense - 60:00

Play by Play

1st period


0:01 of 1st period - Claude Giroux wins face-off versus Sidney Crosby in neutral zone.
0:03 of 1st period - Andrei Markov is hit by Zdeno Chara and loses puck.
0:10 of 1st period - Erik Johnson is hit by Jonathan Huberdeau and loses puck.
0:17 of 1st period - Shot by Jonathan Huberdeau.
0:17 of 1st period - Shot Misses the Net.
1:49 of 1st period - Shot by Ryan OReilly.
1:49 of 1st period - Stopped by Jonathan Quick without a rebound.
1:50 of 1st period - John Mitchell wins face-off versus Mark Scheifele in Stars zone.
1:50 of 1st period - Mike Richards is hit by Brandon Dubinsky and loses puck.
2:05 of 1st period - Minor Penalty to Willie Mitchell for Slashing.
2:06 of 1st period - Brandon Dubinsky wins face-off versus Sidney Crosby in Ducks zone.
2:06 of 1st period - Brandon Dubinsky is hit by Evgeni Malkin.
2:50 of 1st period - Icing by Duncan Keith.
2:51 of 1st period - Blake Comeau wins face-off versus Paul Stastny in Stars zone.
2:51 of 1st period - Blake Comeau is hit by Jason Demers.
2:55 of 1st period - Shot by Eric Nystrom.
2:55 of 1st period - Stopped by Jonathan Quick without a rebound.
2:56 of 1st period - Paul Stastny wins face-off versus Blake Comeau in Stars zone.
3:22 of 1st period - Icing by Paul Stastny.
3:23 of 1st period - Paul Stastny wins face-off versus Brandon Dubinsky in Stars zone.
3:28 of 1st period - Antoine Roussel is hit by Jonathan Huberdeau and loses puck.
4:02 of 1st period - Off-side.
4:03 of 1st period - Sidney Crosby wins face-off versus Blake Comeau in neutral zone.
4:17 of 1st period - Adam Pardy is hit by Blake Comeau and loses puck.
4:22 of 1st period - Shot by Ryan OReilly.
4:22 of 1st period - Shot Blocked by Brandon Manning.
4:24 of 1st period - Shot by Willie Mitchell.
4:24 of 1st period - Shot Misses the Net.
4:26 of 1st period - Shot by Blake Comeau.
4:26 of 1st period - Stopped by Jonathan Quick without a rebound.
4:27 of 1st period - Sidney Crosby wins face-off versus Mikhail Grigorenko in Stars zone.
4:53 of 1st period - Aaron Ekblad is hit by Zdeno Chara and loses puck.
4:58 of 1st period - Shot by Mikhail Grigorenko.
4:58 of 1st period - Shot Misses the Net.
5:00 of 1st period - Shot by Eric Nystrom.
5:00 of 1st period - Deflect By Nick Ritchie.
5:00 of 1st period - Shot Misses the Net.
5:03 of 1st period - Minor Penalty to Zdeno Chara for Tripping.
5:04 of 1st period - Ryan OReilly wins face-off versus Paul Stastny in Stars zone.
5:15 of 1st period - Shot by Ryan OReilly.
5:15 of 1st period - Shot Misses the Net.
5:17 of 1st period - Shot by Erik Johnson.
5:17 of 1st period - Shot Misses the Net.
5:19 of 1st period - Shot by Ryan OReilly.
5:19 of 1st period - Shot Blocked by Jason Demers.
5:21 of 1st period - Shot by Andrei Markov.
5:21 of 1st period - Stopped by Jonathan Quick without a rebound.
5:22 of 1st period - Paul Stastny wins face-off versus Claude Giroux in Stars zone.
5:31 of 1st period - Shot by Bobby Ryan.
5:31 of 1st period - Deflect By Claude Giroux.
5:31 of 1st period - Stopped by Jonathan Quick with a rebound.
5:33 of 1st period - Shot by Colton Parayko.
5:33 of 1st period - Shot Misses the Net.
5:35 of 1st period - Shot by Colton Parayko.
5:35 of 1st period - Stopped by Jonathan Quick without a rebound.
5:36 of 1st period - Paul Stastny wins face-off versus Ryan OReilly in Stars zone.
6:03 of 1st period - Icing by Erik Johnson.
6:04 of 1st period - John Mitchell wins face-off versus Ryan OReilly in Ducks zone.
6:13 of 1st period - Shot by Ryan OReilly.
6:13 of 1st period - Goal by Ryan OReilly - Stars : 0 - Ducks : 1.
6:14 of 1st period - Paul Stastny wins face-off versus Claude Giroux in neutral zone.
6:38 of 1st period - Bobby Ryan is hit by John Klingberg and loses puck.
7:14 of 1st period - Brandon Dubinsky is hit by Shawn Thornton and loses puck.
8:45 of 1st period - Shot by Paul Stastny.
8:45 of 1st period - Deflect By Nikita Kucherov.
8:45 of 1st period - Stopped by Semyon Varlamov without a rebound.
8:46 of 1st period - Claude Giroux wins face-off versus Sidney Crosby in Ducks zone.
9:06 of 1st period - Icing by Colton Parayko.
9:07 of 1st period - Sidney Crosby wins face-off versus Claude Giroux in Ducks zone.
9:07 of 1st period - Sidney Crosby is hit by Willie Mitchell.
9:12 of 1st period - Sidney Crosby is hit by Willie Mitchell and loses puck.
9:15 of 1st period - Shot by Jonathan Huberdeau.
9:15 of 1st period - Stopped by Semyon Varlamov without a rebound.
9:16 of 1st period - John Mitchell wins face-off versus Blake Comeau in Ducks zone.
9:26 of 1st period - Blake Comeau is hit by Adam Pardy and loses puck.
9:43 of 1st period - Shot by Blake Comeau.
9:43 of 1st period - Shot Blocked by John Mitchell.
10:35 of 1st period - Shot by Jonathan Huberdeau.
10:35 of 1st period - Shot Blocked by Andrei Markov.
10:55 of 1st period - Jason Demers is hit by Brandon Dubinsky and loses puck.
11:05 of 1st period - Mark Scheifele is hit by Paul Byron and loses puck.
11:16 of 1st period - Shot by Paul Stastny.
11:16 of 1st period - Stopped by Semyon Varlamov without a rebound.
11:17 of 1st period - Claude Giroux wins face-off versus Mike Richards in Ducks zone.
11:22 of 1st period - Shot by Bobby Ryan.
11:22 of 1st period - Stopped by Jonathan Quick without a rebound.
11:23 of 1st period - Blake Comeau wins face-off versus John Mitchell in Stars zone.
11:34 of 1st period - Shot by Ryan OReilly.
11:34 of 1st period - Deflect By Boone Jenner.
11:34 of 1st period - Shot Misses the Net.
11:38 of 1st period - Shot by Ryan OReilly.
11:38 of 1st period - Stopped by Jonathan Quick with a rebound.
11:40 of 1st period - Shot by Colton Parayko.
11:40 of 1st period - Shot Misses the Net.
11:50 of 1st period - Shot by Boone Jenner.
11:50 of 1st period - Shot Misses the Net.
12:18 of 1st period - Shot by Claude Giroux.
12:18 of 1st period - Goal by Claude Giroux - Stars : 0 - Ducks : 2.
12:19 of 1st period - Claude Giroux wins face-off versus Paul Stastny in neutral zone.
12:31 of 1st period - Icing by Claude Giroux.
12:32 of 1st period - Claude Giroux wins face-off versus Sidney Crosby in Ducks zone.
12:32 of 1st period - Claude Giroux is hit by Jonathan Huberdeau.
12:46 of 1st period - Shot by Sidney Crosby.
12:46 of 1st period - Shot Misses the Net.
13:14 of 1st period - Shot by Evgeni Malkin.
13:14 of 1st period - Shot Misses the Net.
13:16 of 1st period - Shot by Jason Demers.
13:16 of 1st period - Shot Blocked by Antoine Roussel.
13:27 of 1st period - Minor Penalty to Travis Hamonic for Goalie Interference.
13:28 of 1st period - Blake Comeau wins face-off versus Paul Stastny in Ducks zone.
13:28 of 1st period - Blake Comeau is hit by Paul Byron.
15:31 of 1st period - Shot by Mark Scheifele.
15:31 of 1st period - Deflect By Brandon Dubinsky.
15:31 of 1st period - Stopped by Jonathan Quick without a rebound.
15:32 of 1st period - Mark Scheifele wins face-off versus John Mitchell in Stars zone.
15:36 of 1st period - Icing by Adam Pardy.
15:37 of 1st period - John Mitchell wins face-off versus Mark Scheifele in Stars zone.
15:46 of 1st period - Shot by Pascal Dupuis.
15:46 of 1st period - Shot Hit the Post.
15:51 of 1st period - John Mitchell is hit by Erik Johnson and loses puck.
15:54 of 1st period - Shot by Dainius Zubrus.
15:54 of 1st period - Shot Misses the Net.
15:56 of 1st period - Shot by Dainius Zubrus.
15:56 of 1st period - Shot Misses the Net.
15:58 of 1st period - Shot by Mike Richards.
15:58 of 1st period - Shot Hit the Post.
16:00 of 1st period - Shot by John Mitchell.
16:00 of 1st period - Stopped by Semyon Varlamov with a rebound.
16:02 of 1st period - Shot by John Mitchell.
16:02 of 1st period - Deflect By Mike Richards.
16:02 of 1st period - Stopped by Semyon Varlamov without a rebound.
16:03 of 1st period - Sidney Crosby wins face-off versus Ryan OReilly in Ducks zone.
16:04 of 1st period - Shot by Evgeni Malkin.
16:04 of 1st period - Stopped by Semyon Varlamov with a rebound.
16:06 of 1st period - Shot by Sidney Crosby.
16:06 of 1st period - Shot Blocked by Travis Hamonic.
16:08 of 1st period - Shot by Evgeni Malkin.
16:08 of 1st period - Goal by Evgeni Malkin - Stars : 1 - Ducks : 2.
16:09 of 1st period - Paul Stastny wins face-off versus Ryan OReilly in neutral zone.
16:22 of 1st period - Zdeno Chara is hit by Boone Jenner and loses puck.
16:30 of 1st period - Ryan OReilly is hit by Zdeno Chara and loses puck.
16:40 of 1st period - Paul Stastny is hit by Willie Mitchell and loses puck.
17:23 of 1st period - Shot by Sidney Crosby.
17:23 of 1st period - Stopped by Semyon Varlamov with a rebound.
17:25 of 1st period - Shot by Jonathan Huberdeau.
17:25 of 1st period - Shot Misses the Net.
17:27 of 1st period - Shot by Sidney Crosby.
17:27 of 1st period - Shot Blocked by Willie Mitchell.
17:29 of 1st period - Shot by Jason Demers.
17:29 of 1st period - Shot Misses the Net.
17:31 of 1st period - Shot by Jason Demers.
17:31 of 1st period - Stopped by Semyon Varlamov without a rebound.
17:32 of 1st period - Mike Richards wins face-off versus Brandon Dubinsky in Ducks zone.
17:32 of 1st period - Mike Richards is hit by Erik Johnson.
17:35 of 1st period - Minor Penalty to Erik Johnson for Hooking.
17:36 of 1st period - Evgeni Malkin wins face-off versus Brandon Dubinsky in Ducks zone.
17:38 of 1st period - Sidney Crosby is hit by Aaron Ekblad and loses puck.
17:43 of 1st period - Shot by Evgeni Malkin.
17:43 of 1st period - Shot Misses the Net.
17:49 of 1st period - Shot by Evgeni Malkin.
17:49 of 1st period - Shot Misses the Net.
18:24 of 1st period - Off-side.
18:25 of 1st period - Paul Byron wins face-off versus Brandon Dubinsky in neutral zone.
18:32 of 1st period - Shot by Paul Stastny.
18:32 of 1st period - Shot Misses the Net.
18:34 of 1st period - Shot by Paul Stastny.
18:34 of 1st period - Shot Misses the Net.
Goals for this period are 1 for Stars vs 2 for Ducks.
Shots for this period are 9 for Stars vs 11 for Ducks.

2nd period


0:01 of 2nd period - Paul Stastny wins face-off versus Mark Scheifele in neutral zone.
0:19 of 2nd period - Nikita Kucherov is hit by Erik Johnson and loses puck.
0:42 of 2nd period - Shot by Brandon Dubinsky.
0:42 of 2nd period - Stopped by Jonathan Quick without a rebound.
0:43 of 2nd period - Claude Giroux wins face-off versus Sidney Crosby in Stars zone.
0:43 of 2nd period - Bobby Ryan is hit by Jason Demers and loses puck.
0:55 of 2nd period - Off-side.
0:56 of 2nd period - Ryan OReilly wins face-off versus John Mitchell in neutral zone.
0:59 of 2nd period - John Klingberg is hit by Boone Jenner and loses puck.
1:06 of 2nd period - Shot by Mike Richards.
1:06 of 2nd period - Shot Blocked by Colton Parayko.
1:17 of 2nd period - Icing by Blake Comeau.
1:18 of 2nd period - Ryan OReilly wins face-off versus Paul Stastny in Ducks zone.
2:23 of 2nd period - Shot by Jonathan Huberdeau.
2:23 of 2nd period - Stopped by Semyon Varlamov without a rebound.
2:24 of 2nd period - John Mitchell wins face-off versus Mark Scheifele in Ducks zone.
2:27 of 2nd period - Shot by Mike Richards.
2:27 of 2nd period - Shot Blocked by Pascal Dupuis.
3:41 of 2nd period - Shot by Evgeni Malkin.
3:41 of 2nd period - Stopped by Semyon Varlamov without a rebound.
3:42 of 2nd period - Paul Stastny wins face-off versus Mikhail Grigorenko in Ducks zone.
4:03 of 2nd period - Icing by Travis Hamonic.
4:04 of 2nd period - Sidney Crosby wins face-off versus Eric Nystrom in Ducks zone.
4:33 of 2nd period - Shot by Evgeni Malkin.
4:33 of 2nd period - Goal by Evgeni Malkin - Stars : 2 - Ducks : 2.
4:34 of 2nd period - Claude Giroux wins face-off versus Paul Stastny in neutral zone.
4:40 of 2nd period - Minor Penalty to Claude Giroux for High sticking.
4:41 of 2nd period - Brandon Dubinsky wins face-off versus Paul Stastny in Ducks zone.
4:47 of 2nd period - Icing by Jonathan Huberdeau.
4:48 of 2nd period - Antoine Roussel wins face-off versus Jonathan Huberdeau in Stars zone.
4:51 of 2nd period - Shot by Brandon Dubinsky.
4:51 of 2nd period - Shot Misses the Net.
5:03 of 2nd period - Erik Johnson is hit by Paul Byron.
5:34 of 2nd period - Icing by Zdeno Chara.
5:35 of 2nd period - Brandon Dubinsky wins face-off versus Jonathan Huberdeau in Stars zone.
6:03 of 2nd period - Shot by Duncan Keith.
6:03 of 2nd period - Shot Blocked by Travis Hamonic.
6:15 of 2nd period - Shot by Blake Comeau.
6:15 of 2nd period - Stopped by Jonathan Quick without a rebound.
6:16 of 2nd period - Sidney Crosby wins face-off versus Brandon Dubinsky in Stars zone.
6:50 of 2nd period - Shot by John Mitchell.
6:50 of 2nd period - Stopped by Semyon Varlamov without a rebound.
6:51 of 2nd period - John Mitchell wins face-off versus Mikhail Grigorenko in Ducks zone.
6:53 of 2nd period - Dainius Zubrus is hit by Aaron Ekblad and loses puck.
7:52 of 2nd period - Icing by Erik Johnson.
7:53 of 2nd period - Paul Stastny wins face-off versus Claude Giroux in Ducks zone.
8:02 of 2nd period - Shot by Nikita Kucherov.
8:02 of 2nd period - Stopped by Semyon Varlamov without a rebound.
8:03 of 2nd period - Mark Scheifele wins face-off versus Jonathan Huberdeau in Ducks zone.
8:03 of 2nd period - Mark Scheifele is hit by Sidney Crosby.
8:13 of 2nd period - Shot by Sidney Crosby.
8:13 of 2nd period - Deflect By Evgeni Malkin.
8:13 of 2nd period - Stopped by Semyon Varlamov without a rebound.
8:14 of 2nd period - Paul Stastny wins face-off versus Bobby Ryan in Ducks zone.
8:15 of 2nd period - Shot by Nikita Kucherov.
8:15 of 2nd period - Stopped by Semyon Varlamov without a rebound.
8:16 of 2nd period - Claude Giroux wins face-off versus Paul Stastny in Ducks zone.
9:13 of 2nd period - Icing by Travis Hamonic.
9:14 of 2nd period - Mark Scheifele wins face-off versus Sidney Crosby in Ducks zone.
9:45 of 2nd period - Shot by Mark Scheifele.
9:45 of 2nd period - Deflect By Brandon Dubinsky.
9:45 of 2nd period - Shot Blocked by Duncan Keith.
9:47 of 2nd period - Shot by Brandon Dubinsky.
9:47 of 2nd period - Goal by Brandon Dubinsky - Stars : 2 - Ducks : 3.
9:48 of 2nd period - Ryan OReilly wins face-off versus John Mitchell in neutral zone.
9:53 of 2nd period - Shot by Ryan OReilly.
9:53 of 2nd period - Shot Blocked by Mike Richards.
9:55 of 2nd period - Shot by Boone Jenner.
9:55 of 2nd period - Shot Misses the Net.
9:57 of 2nd period - Shot by Boone Jenner.
9:57 of 2nd period - Shot Blocked by Brandon Manning.
9:59 of 2nd period - Shot by Willie Mitchell.
9:59 of 2nd period - Stopped by Jonathan Quick without a rebound.
10:00 of 2nd period - Paul Stastny wins face-off versus Claude Giroux in Stars zone.
10:00 of 2nd period - Paul Stastny is hit by Antoine Roussel.
10:34 of 2nd period - Icing by Andrei Markov.
10:35 of 2nd period - John Mitchell wins face-off versus Claude Giroux in Ducks zone.
10:54 of 2nd period - Shot by Claude Giroux.
10:54 of 2nd period - Shot Misses the Net.
11:24 of 2nd period - Shot by Pascal Dupuis.
11:24 of 2nd period - Shot Misses the Net.
12:01 of 2nd period - Shot by Boone Jenner.
12:01 of 2nd period - Stopped by Jonathan Quick without a rebound.
12:02 of 2nd period - Sidney Crosby wins face-off versus Mikhail Grigorenko in Stars zone.
12:16 of 2nd period - Jonathan Huberdeau is hit by Travis Hamonic and loses puck.
12:26 of 2nd period - Minor Penalty to Travis Hamonic for Elbowing.
12:27 of 2nd period - Paul Stastny wins face-off versus Brandon Dubinsky in Ducks zone.
13:06 of 2nd period - Paul Stastny is hit by Willie Mitchell and loses puck.
13:20 of 2nd period - Off-side.
13:21 of 2nd period - Brandon Dubinsky wins face-off versus Sidney Crosby in neutral zone.
13:26 of 2nd period - Shot by Antoine Roussel.
13:26 of 2nd period - Stopped by Jonathan Quick without a rebound.
13:27 of 2nd period - Sidney Crosby wins face-off versus Brandon Dubinsky in Stars zone.
13:46 of 2nd period - Shot by Nikita Kucherov.
13:46 of 2nd period - Stopped by Semyon Varlamov with a rebound.
14:04 of 2nd period - Shot by Jason Demers.
14:04 of 2nd period - Stopped by Semyon Varlamov with a rebound.
14:43 of 2nd period - Off-side.
14:44 of 2nd period - Paul Stastny wins face-off versus Mikhail Grigorenko in neutral zone.
15:01 of 2nd period - Paul Stastny is hit by Willie Mitchell and loses puck.
15:11 of 2nd period - Duncan Keith is hit by Colton Parayko and loses puck.
16:05 of 2nd period - Off-side.
16:06 of 2nd period - John Mitchell wins face-off versus Mark Scheifele in neutral zone.
16:08 of 2nd period - John Klingberg is hit by Erik Johnson and loses puck.
16:15 of 2nd period - Shot by John Mitchell.
16:15 of 2nd period - Stopped by Semyon Varlamov without a rebound.
16:16 of 2nd period - Claude Giroux wins face-off versus Paul Stastny in Ducks zone.
16:16 of 2nd period - Claude Giroux is hit by Paul Byron.
16:52 of 2nd period - Shot by Paul Stastny.
16:52 of 2nd period - Shot Misses the Net.
16:54 of 2nd period - Shot by Paul Stastny.
16:54 of 2nd period - Stopped by Semyon Varlamov with a rebound.
17:32 of 2nd period - Shot by Mike Richards.
17:32 of 2nd period - Stopped by Semyon Varlamov without a rebound.
17:33 of 2nd period - Mark Scheifele wins face-off versus Sidney Crosby in Ducks zone.
17:33 of 2nd period - Travis Hamonic is hit by Jonathan Huberdeau and loses puck.
17:50 of 2nd period - Shot by Mark Scheifele.
17:50 of 2nd period - Stopped by Jonathan Quick with a rebound.
17:52 of 2nd period - Shot by Brandon Dubinsky.
17:52 of 2nd period - Shot Blocked by Duncan Keith.
17:59 of 2nd period - Minor Penalty to Zdeno Chara for Roughing.
18:00 of 2nd period - Paul Stastny wins face-off versus Boone Jenner in Stars zone.
18:19 of 2nd period - Shot by Ryan OReilly.
18:19 of 2nd period - Stopped by Jonathan Quick without a rebound.
18:20 of 2nd period - Claude Giroux wins face-off versus Paul Stastny in Stars zone.
18:29 of 2nd period - Shot by Claude Giroux.
18:29 of 2nd period - Shot Misses the Net.
18:31 of 2nd period - Shot by Claude Giroux.
18:31 of 2nd period - Stopped by Jonathan Quick without a rebound.
18:32 of 2nd period - Paul Stastny wins face-off versus Ryan OReilly in Stars zone.
19:35 of 2nd period - Shot by Aaron Ekblad.
19:35 of 2nd period - Shot Misses the Net.
Goals for this period are 1 for Stars vs 1 for Ducks.
Shots for this period are 12 for Stars vs 9 for Ducks.

3rd period


0:01 of 3rd period - Paul Stastny wins face-off versus Mark Scheifele in neutral zone.
0:37 of 3rd period - Shot by Nikita Kucherov.
0:37 of 3rd period - Shot Misses the Net.
0:46 of 3rd period - Icing by Aaron Ekblad.
0:47 of 3rd period - Mark Scheifele wins face-off versus Sidney Crosby in Ducks zone.
2:37 of 3rd period - Minor Penalty to Antoine Roussel for Roughing.
2:38 of 3rd period - Sidney Crosby wins face-off versus Ryan OReilly in Ducks zone.
3:37 of 3rd period - Shot by Blake Comeau.
3:37 of 3rd period - Stopped by Jonathan Quick without a rebound.
3:38 of 3rd period - Brandon Dubinsky wins face-off versus Paul Stastny in Stars zone.
4:50 of 3rd period - Icing by Adam Pardy.
4:51 of 3rd period - Mikhail Grigorenko wins face-off versus John Mitchell in Stars zone.
5:16 of 3rd period - Shot by Mikhail Grigorenko.
5:16 of 3rd period - Deflect By Eric Nystrom.
5:16 of 3rd period - Stopped by Jonathan Quick without a rebound.
5:17 of 3rd period - Claude Giroux wins face-off versus Sidney Crosby in Stars zone.
5:32 of 3rd period - Andrei Markov is hit by Evgeni Malkin and loses puck.
6:22 of 3rd period - Icing by Andrei Markov.
6:23 of 3rd period - Paul Stastny wins face-off versus Claude Giroux in Ducks zone.
7:10 of 3rd period - Shot by Ryan OReilly.
7:10 of 3rd period - Deflect By Blake Comeau.
7:10 of 3rd period - Stopped by Jonathan Quick with a rebound.
7:12 of 3rd period - Shot by Blake Comeau.
7:12 of 3rd period - Shot Misses the Net.
7:14 of 3rd period - Shot by Colton Parayko.
7:14 of 3rd period - Shot Misses the Net.
7:16 of 3rd period - Shot by Ryan OReilly.
7:16 of 3rd period - Stopped by Jonathan Quick without a rebound.
7:17 of 3rd period - John Mitchell wins face-off versus Mark Scheifele in Stars zone.
7:28 of 3rd period - Shot by John Mitchell.
7:28 of 3rd period - Shot Blocked by Travis Hamonic.
7:30 of 3rd period - Shot by John Mitchell.
7:30 of 3rd period - Stopped by Semyon Varlamov without a rebound.
7:31 of 3rd period - Sidney Crosby wins face-off versus Nick Ritchie in Ducks zone.
7:34 of 3rd period - Shot by Evgeni Malkin.
7:34 of 3rd period - Shot Blocked by Travis Hamonic.
7:49 of 3rd period - Icing by Eric Nystrom.
7:50 of 3rd period - Mikhail Grigorenko wins face-off versus John Mitchell in Ducks zone.
7:50 of 3rd period - Mikhail Grigorenko is hit by John Mitchell.
8:01 of 3rd period - Mikhail Grigorenko is hit by Adam Pardy and loses puck.
9:15 of 3rd period - Minor Penalty to Paul Byron for Tripping.
9:16 of 3rd period - Ryan OReilly wins face-off versus Paul Stastny in Stars zone.
9:17 of 3rd period - Shot by Mark Scheifele.
9:17 of 3rd period - Stopped by Jonathan Quick without a rebound.
9:18 of 3rd period - Paul Stastny wins face-off versus Ryan OReilly in Stars zone.
10:23 of 3rd period - Icing by Claude Giroux.
10:24 of 3rd period - Claude Giroux wins face-off versus John Mitchell in Ducks zone.
11:32 of 3rd period - Icing by Mark Scheifele.
11:33 of 3rd period - Paul Stastny wins face-off versus Mark Scheifele in Ducks zone.
11:52 of 3rd period - Jason Demers is hit by Pascal Dupuis and loses puck.
12:07 of 3rd period - Blake Comeau is hit by Paul Byron and loses puck.
12:34 of 3rd period - Shot by John Mitchell.
12:34 of 3rd period - Shot Misses the Net.
12:36 of 3rd period - Shot by John Mitchell.
12:36 of 3rd period - Shot Misses the Net.
13:28 of 3rd period - Jonathan Huberdeau is hit by Travis Hamonic and loses puck.
13:32 of 3rd period - Icing by Claude Giroux.
13:33 of 3rd period - Claude Giroux wins face-off versus Paul Stastny in Ducks zone.
13:42 of 3rd period - Shot by Bobby Ryan.
13:42 of 3rd period - Stopped by Jonathan Quick without a rebound.
13:43 of 3rd period - Sidney Crosby wins face-off versus Mark Scheifele in Stars zone.
14:53 of 3rd period - Off-side.
14:54 of 3rd period - Paul Stastny wins face-off versus Ryan OReilly in neutral zone.
15:03 of 3rd period - Shot by Nikita Kucherov.
15:03 of 3rd period - Deflect By Paul Stastny.
15:03 of 3rd period - Shot Misses the Net.
15:05 of 3rd period - Shot by Duncan Keith.
15:05 of 3rd period - Shot Misses the Net.
15:07 of 3rd period - Shot by Paul Stastny.
15:07 of 3rd period - Shot Misses the Net.
16:00 of 3rd period - Icing by Brandon Manning.
16:01 of 3rd period - John Mitchell wins face-off versus Mark Scheifele in Stars zone.
16:01 of 3rd period - Adam Pardy is hit by Brandon Dubinsky and loses puck.
16:09 of 3rd period - Icing by Adam Pardy.
16:10 of 3rd period - John Mitchell wins face-off versus Pascal Dupuis in Stars zone.
17:16 of 3rd period - Icing by Paul Stastny.
17:17 of 3rd period - Paul Stastny wins face-off versus Antoine Roussel in Stars zone.
17:33 of 3rd period - Bobby Ryan is hit by Jason Demers and loses puck.
17:42 of 3rd period - Shot by Claude Giroux.
17:42 of 3rd period - Shot Misses the Net.
17:58 of 3rd period - Shot by Claude Giroux.
17:58 of 3rd period - Stopped by Jonathan Quick without a rebound.
17:59 of 3rd period - Sidney Crosby wins face-off versus Ryan OReilly in Stars zone.
18:06 of 3rd period - Off-side.
18:07 of 3rd period - Ryan OReilly wins face-off versus Evgeni Malkin in neutral zone.
18:42 of 3rd period - Shot by Jonathan Huberdeau.
18:42 of 3rd period - Shot Blocked by Colton Parayko.
19:12 of 3rd period - Stars, Jonathan Quick is pulled from the net.
19:38 of 3rd period - Shot by Nikita Kucherov.
19:38 of 3rd period - Stopped by Semyon Varlamov without a rebound.
19:39 of 3rd period - Ryan OReilly wins face-off versus Sidney Crosby in Ducks zone.
Goals for this period are 0 for Stars vs 0 for Ducks.
Shots for this period are 2 for Stars vs 7 for Ducks.